 Dungeon Crawl Stone Soup version 0.21.1-1-g345015fe64 (webtiles) character file.

13176 GreyFruit the Basher (level 12, -3/76 HPs)
             Began as a Gargoyle Fighter on May 3, 2018.
             Was an Elder of Qazlal.
             Killed by divine providence
             ... invoked by a meliai
              (12 damage)
             ... on level 12 of the Dungeon on July 27, 2018.
             The game lasted 00:50:12 (11642 turns).

GreyFruit the Basher (Gargoyle Fighter)            Turns: 11642, Time: 00:50:12

Health: -3/76      AC: 23    Str: 25    XL:     12   Next: 3%
Magic:  12/12      EV: 10    Int:  9    God:    Qazlal [****..]
Gold:   431        SH: 18    Dex:  9    Spells: 11/11 levels left

rFire    x . .     SeeInvis .   a - +1 flail (elec)
rCold    + . .     Gourm    .   c - +0 shield
rNeg     + + +     Faith    .   G - +1 scale mail "Boanodghu" {rN+++}
rPois    ∞         Spirit   .   j - +0 helmet
rElec    +         Reflect  .   (no cloak)
rCorr    .         Harm     .   (no gloves)
MR       .....                  (no boots)
Stlth    ..........             (no amulet)
HPRegen  0.22/turn              u - ring of ice
MPRegen  0.13/turn              v - +5 ring of protection

@: repel missiles
A: negative energy resistance 1, electricity resistance, unbreathing,
petrification resistance, rot immunity, AC +8
a: Upheaval, Elemental Force, Renounce Religion


You were on level 12 of the Dungeon.
You worshipped Qazlal.
Qazlal was greatly pleased with you.
You were very hungry.

You visited 2 branches of the dungeon, and saw 13 of its levels.
You also visited: Sewer.

You collected 630 gold pieces.
You spent 199 gold pieces at shops.

Inventory:

Hand Weapons
 a - a +1 flail of electrocution (weapon)
Armour
 c - a +0 shield (worn)
 j - a +0 helmet (worn)
 G - the +1 scale mail "Boanodghu" (worn) {rN+++}
   (You found it on level 8 of the Dungeon)

   It renders you almost immune to negative energy.
Jewellery
 u - a ring of ice (left hand)
 v - a +5 ring of protection (right hand)
Wands
 g - a wand of random effects (15)
 l - a wand of acid (5)
 p - a wand of disintegration (10)
 r - a wand of scattershot (8)
 w - a wand of flame (30)
 x - a wand of polymorph (14)
 y - a wand of clouds (3)
 B - a wand of paralysis (8)
Scrolls
 d - 2 scrolls of random uselessness
 i - 7 scrolls of remove curse
 m - 2 scrolls of fog
 n - 2 scrolls of magic mapping
 q - 2 scrolls of amnesia
 s - 6 scrolls of identify
 t - 3 scrolls of teleportation
 A - a scroll of immolation
 D - 2 scrolls of silence {unknown}
 I - a scroll of enchant armour
 K - a scroll of acquirement {unknown}
 N - a scroll of fear {unknown}
Potions
 h - a potion of cancellation {unknown}
 k - 2 potions of brilliance
 z - 2 potions of mutation
 H - a potion of curing
 J - 2 potions of heal wounds
 L - a potion of might
 M - a potion of flight
Books
 F - a book of Battle

   Spells                             Type                      Level
   a - Infusion                       Charms                       1
   b - Shroud of Golubria             Charms/Translocation         2
   c - Song of Slaying                Charms                       2
   d - Spectral Weapon                Hexes/Charms                 3
   e - Regeneration                   Charms/Necromancy            3
 P - Zewitt's Tome of Poison and Fire
   (You found it on level 12 of the Dungeon)

   Spells                             Type                      Level
   a - Sting                          Conjuration/Poison           1
   b - Throw Flame                    Conjuration/Fire             2
   c - Conjure Flame                  Conjuration/Fire             3
   d - Spider Form                    Transmutation/Poison         3
   e - Venom Bolt                     Conjuration/Poison           5
   f - Alistair's Intoxication        Transmutation/Poison         5
Miscellaneous
 O - a box of beasts
Comestibles
 f - 21 rations


   Skills:
 * Level 9.1 Fighting
 * Level 12.3 Maces & Flails
 + Level 6.4 Armour
 - Level 1.1 Dodging
 + Level 2.0 Stealth
 * Level 12.0 Shields


You had 11 spell levels left.
You didn't know any spells.

Dungeon Overview and Level Annotations

Branches:
Dungeon (12/15)            Temple (1/1) D:4            Lair (0/6) D:9
    Orc (0/2) D:12

Altars:
Ashenzari
Cheibriados
Dithmenos
Elyvilon
Fedhas
Gozag
Hepliaklqana
Kikubaaqudgha
Makhleb
Nemelex Xobeh
Okawaru
Qazlal
Ru
Sif Muna
Trog
Uskayaw
Vehumet
Wu Jian
Xom
Yredelemnul
Zin
The Shining One

Shops:
D:4 **(   D:7 [   D:11 [


Innate Abilities, Weirdness & Mutations

You are resistant to torment.
Your stone body is resilient. (AC +8)
You are immune to poison.
You resist negative energy. (rN+)
You are resistant to electric shocks. (rElec)
You can survive without breathing.
You are immune to petrification.
You are immune to rotting.


Message History

The killer bee is severely wounded.
The meliai mumbles some strange prayers to its god against you.
Something smites you!
* * * LOW HITPOINT WARNING * * *
The killer bee barely misses you.
The killer bee rages.
You thump the killer bee!
You kill the killer bee!
Qazlal accepts your kill. You block the killer bee's attack. x2
You barely miss the killer bee. You block the killer bee's attack.
The killer bee stings you but does no damage.
The meliai mumbles some strange prayers to its god against you.
Something smites you!
* * * LOW HITPOINT WARNING * * *
You block the killer bee's attack.
You closely miss the killer bee. You block the killer bee's attack. x2
The meliai invokes the aid of its god against you.
Something smites you!
You die... yyyyy #....##..## yyy

#....###.#. ##'#
#....###.## #..#
##'####.... #.##
#...##.... #.#
###.###... ##y### #.#
###. #.yyy######
#.####.. #.yyyyy@..#
####'##.##.
#..yy####.####.....##.##
#....# #....'.....##..#
#....# ######.....##.##
#....# #.....##...
#....# #.....#.##.
#....# #.....###.#
###'## #.....#.#.. #..#
#........#.


You could see a queen bee, 3 meliai and 7 killer bees.

Vanquished Creatures
  3 two-headed ogres
  Erica (D:9)
  An ugly thing (D:12)
  A manticore (D:12)
  A troll (D:11)
  Prince Ribbit (D:8)
  A hornet (D:12)
  A slime creature (D:12)
  2 hippogriffs
  A shadow (D:12)
  A wyvern (D:8)
  Eustachio (D:4)
  A vampire (D:10)
  18 yaks
  2 vampire mosquitoes (D:12)
  Menkaure (D:4)
  Purgy (Sewer)
  2 orc warriors
  An ice beast (D:10)
  3 sky beasts
  13 ogres
  2 centaurs
  8 bullfrogs
  A water moccasin zombie (D:11)
  A wyvern skeleton (D:10)
  13 killer bees
  2 howler monkeys (D:12)
  5 wights (D:10)
  5 bullfrog zombies
  A crimson imp (D:8)
  2 quasits
  A centaur zombie (D:5)
  5 hounds
  A jelly (D:9)
  5 orc priests
  A bullfrog skeleton (D:12)
  Jessica (D:2)
  A centaur skeleton (D:9)
  3 iguanas
  10 orc wizards
  Ijyb (D:4)
  Terence (D:2)
  11 worker ants
  Robin (D:4)
  A mummy (D:5)
  A worker ant zombie (D:7)
  11 adders
  8 gnolls
  A shadow imp (D:8)
  An adder skeleton (D:7)
  3 worms
  A dart slug (D:3)
  4 leopard geckos
  33 orcs
  4 giant cockroaches
  16 goblins
  16 hobgoblins
  6 jackals (D:1)
  4 kobolds
  5 quokkas
  A ball python (D:6)
  11 bats
  11 frilled lizards
  A jackal skeleton (D:6)
  A leopard gecko zombie (D:5)
  A quokka zombie (D:5)
  7 rats
  A fungus (D:5)
288 creatures vanquished.

Notes
Turn   | Place    | Note
-------+----------+-------------------------------------------
     0 | D:1      | GreyFruit the Gargoyle Fighter began the quest for the Orb.
     0 | D:1      | Reached XP level 1. HP: 14/14 MP: 1/1
    96 | D:1      | Reached XP level 2. HP: 17/19 MP: 2/2
   534 | D:2      | Reached XP level 3. HP: 20/23 MP: 3/3
   804 | D:2      | Reached XP level 4. HP: 25/28 MP: 4/4
   846 | D:2      | Noticed a bullfrog
   847 | D:2      | Noticed Terence
   861 | D:2      | Killed a bullfrog
   861 | D:2      | Reached skill level 1 in Dodging
   861 | D:2      | Reached XP level 5. HP: 30/33 MP: 5/5
   865 | D:2      | Killed Terence
   895 | D:2      | Noticed Jessica
   904 | D:2      | Killed Jessica
  1156 | D:2      | Found a glowing silver altar of Zin.
  1158 | D:2      | Found an opulent altar of Gozag.
  1179 | D:2      | Found an ancient bone altar of Kikubaaqudgha.
  1181 | D:2      | Found a bloodstained altar of Trog.
  1938 | D:4      | Found a hide-covered altar of Uskayaw.
  1938 | D:4      | Noticed an ogre
  2045 | D:4      | Noticed a hand axe
  2045 | D:4      | Noticed a dagger
  2214 | D:4      | Reached XP level 6. HP: 29/38 MP: 6/6
  2287 | D:4      | Reached skill level 1 in Stealth
  2504 | D:4      | Reached skill level 5 in Shields
  2556 | D:4      | Noticed Robin
  2656 | D:4      | Killed Robin
  2719 | D:4      | Noticed Menkaure
  2727 | D:4      | Killed Menkaure
  2727 | D:4      | Reached skill level 5 in Maces & Flails
  2727 | D:4      | Reached XP level 7. HP: 35/44 MP: 7/7
  3160 | D:4      | Found Lonuq's General Store.
  3288 | D:4      | Noticed Eustachio
  3329 | D:4      | Killed Eustachio
  3329 | D:4      | Reached XP level 8. HP: 48/48 MP: 8/8
  3467 | D:4      | Found Wugek's Weapon Emporium.
  3477 | D:4      | Found Haarin's General Store.
  3602 | D:4      | Noticed Ijyb
  3609 | D:4      | Killed Ijyb
  3616 | D:4      | Found a staircase to the Ecumenical Temple.
  3625 | Temple   | Entered the Ecumenical Temple
  3706 | Temple   | Became a worshipper of Qazlal Stormbringer
  3982 | D:5      | Entered Level 5 of the Dungeon
  4066 | D:5      | Reached skill level 5 in Fighting
  4585 | D:5      | Found a sacrificial altar of Ru.
  4588 | D:5      | Found a deep blue altar of Sif Muna.
  4613 | D:5      | Found a snail-covered altar of Cheibriados.
  4761 | D:6      | Found a radiant altar of Vehumet.
  4898 | D:6      | Found a glowing drain.
  4925 | Sewer    | Entered a sewer
  4955 | Sewer    | Noticed Purgy
  4985 | Sewer    | Killed Purgy
  5073 | D:6      | Reached * piety under Qazlal
  5368 | D:6      | Reached XP level 9. HP: 54/54 MP: 9/9
  5660 | D:7      | Found Ruzxuff's Antique Armour Shoppe.
  5665 | D:7      | Bought a polished chain mail for 199 gold pieces
  5675 | D:7      | Identified the cursed +0 chain mail "Vuiff" {rC- rN+ Dex+4} (You bought it in a shop on level 7 of the Dungeon)
  6352 | D:8      | Got a steaming scale mail
  6364 | D:8      | Identified the +1 scale mail "Boanodghu" {rN+++} (You found it on level 8 of the Dungeon)
  6426 | D:8      | Noticed a two-headed ogre
  6436 | D:8      | Killed a two-headed ogre
  6534 | D:8      | Reached skill level 5 in Armour
  6840 | D:8      | Noticed a two-headed ogre
  6869 | D:8      | Killed a two-headed ogre
  6869 | D:8      | Reached XP level 10. HP: 25/61 MP: 10/10
  7159 | D:8      | Noticed a two-headed ogre
  7453 | D:8      | Noticed Prince Ribbit
  7470 | D:8      | Killed Prince Ribbit
  7470 | D:8      | Reached skill level 10 in Maces & Flails
  7678 | D:8      | Reached ** piety under Qazlal
  8050 | D:9      | Noticed Erica
  8054 | D:9      | Noticed a two-headed ogre
  8067 | D:9      | Killed a two-headed ogre
  8067 | D:9      | Reached skill level 10 in Shields
  8075 | D:9      | Killed Erica
  8256 | D:9      | Found an ancient bone altar of Kikubaaqudgha.
  8297 | D:9      | Found a staircase to the Lair.
  8464 | D:10     | Entered Level 10 of the Dungeon
  8580 | D:10     | Reached XP level 11. HP: 66/67 MP: 11/11
  9839 | D:11     | Reached *** piety under Qazlal
 10151 | D:11     | Found Qimots's Antique Armour Emporium.
 10890 | D:12     | Noticed a manticore
 10899 | D:12     | Killed a manticore
 10990 | D:12     | Identified Zewitt's Tome of Poison and Fire
 11081 | D:12     | Reached **** piety under Qazlal
 11144 | D:12     | Found a staircase to the Orcish Mines.
 11219 | D:12     | Noticed a white ugly thing
 11228 | D:12     | Killed a white ugly thing
 11481 | D:12     | Reached XP level 12. HP: 71/76 MP: 12/12
 11642 | D:12     | Killed from afar by a meliai

Skill      XL: |  1  2  3  4  5  6  7  8  9 10 11 |
---------------+----------------------------------+-----
Shields        | 4 5 6 7 9 10 12 | 12.0
Maces & Flails | 3 4 5 6 7 9 11 12 | 12.3
Dodging        | 1 |  1.1
Fighting       | 4 5 6 7 9 |  9.1
Stealth        | 1 2 |  2.0
Armour         | 4 5 6 |  6.4

Action                   |  1- 3 |  4- 6 |  7- 9 | 10-12 || total
-------------------------+-------+-------+-------+-------++-------
Melee: Flail             |   184 |   218 |   454 |   576 ||  1432
Evoke: Wand              |       |       |       |     1 ||     1
  Use: Scroll            |     2 |     3 |     1 |    10 ||    16
       Potion            |       |     6 |     8 |     2 ||    16
 Stab: Invisible         |       |       |     2 |       ||     2
  Eat: Chunk             |       |     7 |    14 |    11 ||    32
       Ration            |       |       |       |     1 ||     1
Armor: Scale mail        |   126 |    29 |     8 |   254 ||   417
       Chain mail        |       |   122 |   321 |       ||   443
Dodge: Dodged            |    84 |    54 |   128 |   132 ||   398
Block: Shield            |   103 |   120 |   310 |   380 ||   913
